 Dungeon Crawl Stone Soup version 0.23.2-30-g0e89c35649 (webtiles) character file.

Game seed: 16532349728130268718

2139 doot the Thaumaturge (level 9, -12/48 HPs)
             Began as a Deep Elf Wizard on June 11, 2019.
             Was a Believer of Sif Muna.
             Killed from afar by Harold (24 damage)
             ... with a harpoon shot
             ... on level 7 of the Dungeon.
             The game lasted 00:17:51 (7332 turns).

doot the Thaumaturge (Deep Elf Wizard)              Turns: 7332, Time: 00:17:52

Health: -12/48     AC:  4    Str:  4    XL:     9   Next: 9%
Magic:  22/25      EV:  7    Int: 27    God:    Sif Muna [**....]
Gold:   563        SH:  0    Dex: 15    Spells: 18/29 levels left

rFire    . . .     SeeInvis .   A - +5 scythe "Finisher" {speed, eviscerate}
rCold    . . .     Gourm    .   (shield currently unavailable)
rNeg     . . .     Faith    .   a - +0 robe
rPois    .         Spirit   .   b - +0 hat
rElec    .         Reflect  .   x - +0 cloak
rCorr    .         Harm     .   (no gloves)
MR       .....                  k - +0 pair of boots
Stlth    +++.......             (no amulet)
HPRegen  0.16/turn              m - +2 ring of dexterity
MPRegen  0.19/turn              (no ring)

@: held, divine energy
A: no striking features
a: Stop Divine Energy, Renounce Religion


You were on level 7 of the Dungeon.
You worshipped Sif Muna.
Sif Muna was pleased with you.
You were not hungry.

You visited 1 branch of the dungeon, and saw 7 of its levels.
You also visited: Bailey.

You collected 563 gold pieces.

Inventory:

Hand Weapons
 e - a +0 short sword
 g - a +2 dagger of protection
 h - a +0 rapier of protection
 A - the +5 scythe "Finisher" (weapon) {speed, eviscerate}
   (You found it in a bailey)

   Attacks with this weapon are significantly faster.
 E - a +2 short sword of electrocution
Armour
 a - a +0 robe (worn)
 b - a +0 hat (worn)
 k - a +0 pair of boots (worn)
 x - a +0 cloak (worn)
 y - a +2 shield
Jewellery
 m - a +2 ring of dexterity (left hand)
Wands
 i - a wand of disintegration (19)
 r - a wand of digging (3)
 t - a wand of paralysis (11)
Scrolls
 c - a scroll of random uselessness {unknown}
 f - a scroll of amnesia
 j - a scroll of enchant armour {unknown}
 l - 2 scrolls of remove curse
 n - a scroll of teleportation
 o - a scroll of noise {unknown}
 p - a scroll of identify
 B - a scroll of silence {unknown}
 C - a scroll of immolation {unknown}
Potions
 q - 3 potions of ambrosia
 s - a potion of haste {unknown}
 u - a potion of might
 v - a potion of heal wounds {unknown}
 w - a potion of invisibility {unknown}
 z - a potion of mutation {unknown}
 D - a potion of resistance
 G - a potion of degeneration {unknown}
Comestibles
 d - 11 rations
 F - 3 chunks of flesh


   Skills:
 + Level 2.0 Fighting
 + Level 3.8 Short Blades
 + Level 0.1 Polearms
 + Level 4.1 Dodging
 + Level 4.2 Stealth
 + Level 10.6 Spellcasting
 + Level 5.2 Conjurations
   Level 0.3 Hexes
 + Level 3.9 Summonings
 + Level 1.2 Translocations
 + Level 1.8 Fire Magic
 + Level 1.4 Air Magic
 + Level 1.5 Poison Magic


You had 18 spell levels left.
You knew the following spells:

 Your Spells              Type           Power        Failure   Level  Hunger
a - Magic Dart            Conj           ####         1%          1    None
b - Blink                 Tloc           N/A          3%          2    None
c - Call Imp              Summ           #####...     1%          2    None
e - Conjure Flame         Conj/Fire      ####....     2%          3    None
f - Mephitic Cloud        Conj/Pois/Air  ####....     4%          3    None

Your spell library contained the following spells:

 Spells                   Type           Power        Failure   Level  Hunger
 Slow                     Hex            ###.....     5%          2    None


Dungeon Overview and Level Annotations

Branches:
Dungeon (7/15)             Temple (0/1) D:4

Altars:
Ashenzari
Cheibriados
Fedhas
Sif Muna
Xom

Annotations:
D:5 Edmund
D:7 Harold; Prince Ribbit; hitsuchi's ghost, novice FoAM


Message History

You reach to attack!
You barely miss the ogre.
The ogre is heavily wounded.
You catch the helpless ogre completely off-guard!
You slash the ogre!
The ogre is severely wounded.
The ogre seems less confused.
The ogre hits you with a +0 giant spiked club!!
* * * LOW HITPOINT WARNING * * *
Casting: Mephitic Cloud (safe; 4% risk of failure)
Confirm with . or Enter, or press ? or * to list all spells.
You blink.
Harold the Weathered comes into view.
He is wielding a +2 flail of protection.
Harold throws a throwing net.
The throwing net hits you.
You become entangled in the net!
You see here a throwing net.
You struggle against the net.
Harold points at you and mumbles some strange words.
The harpoon shot hits you!!
Ouch! That really hurt!
You die...

................................(
................####..#..........
....8............###.##..........
.8................#..........#...
.....#.......@##..##...[.###.#...
..................###.#.).##.....
.............<..).#...##[[.......
.............##.).#...###........
................@......##.<...##.
.....#.........O.#..#.).#......#.
.....##.........######)..........
##....#.........#####............
#.....#..........##.......#.....
##....###.........#............#
##...# #......................#
#....# #......................#
##.### #.>....................#


You could see Harold and an ogre.

Vanquished Creatures
  A two-headed ogre (D:7)
  4 orc warriors
  2 phantoms
  A necrophage (D:6)
  2 ogres (D:6)
  A scorpion (D:4)
  A crimson imp (D:7)
  A hound (D:5)
  A bullfrog skeleton (D:5)
  3 orc priests
  2 iguanas
  Ijyb (D:5)
  6 worker ants
  8 adders
  3 gnolls (D:5)
  A shadow imp (D:7)
  An adder zombie (D:7)
  An adder skeleton (D:4)
  3 dart slugs
  3 leopard geckos
  11 orcs
  2 ball pythons
  6 hobgoblins
  7 jackals
  16 kobolds
  2 quokkas
  4 bats
  11 frilled lizards
  9 goblins
  A leopard gecko skeleton (D:4)
  A quokka skeleton (D:4)
  8 rats
124 creatures vanquished.

Vanquished Creatures (collateral kills)
  A centaur (D:5)
  2 crimson imps
  2 adders (D:2)
  A bat (D:2)
  A giant cockroach (D:5)
  A goblin (D:2)
  A hobgoblin (D:2)
  A quokka (D:2)
10 creatures vanquished.

Grand Total: 134 creatures vanquished

Notes
Turn   | Place    | Note
-------+----------+-------------------------------------------
     0 | D:1      | doot the Deep Elf Wizard began the quest for the Orb.
     0 | D:1      | Reached XP level 1. HP: 10/10 MP: 7/7
   168 | D:1      | Reached skill level 5 in Spellcasting
   179 | D:1      | Reached XP level 2. HP: 12/15 MP: 0/10
   297 | D:1      | Learned a level 2 spell: Blink
   300 | D:1      | Learned a level 2 spell: Call Imp
   303 | D:1      | Learned a level 2 spell: Slow
   893 | D:2      | Reached XP level 3. HP: 2/19 MP: 3/12
  1230 | D:2      | Learned a level 3 spell: Conjure Flame
  1595 | D:2      | Reached skill level 6 in Spellcasting
  1810 | D:2      | Reached XP level 4. HP: 11/24 MP: 2/14
  2478 | D:3      | Found a blossoming altar of Fedhas.
  2479 | D:3      | Found a shattered altar of Ashenzari.
  2534 | D:3      | Found a snail-covered altar of Cheibriados.
  2534 | D:3      | Found a deep blue altar of Sif Muna.
  2567 | D:3      | Became a worshipper of Sif Muna the Loreminder
  2597 | D:3      | You fall through a shaft!
  2602 | D:4      | Noticed a phantom
  2605 | D:4      | Found a staircase to the Ecumenical Temple.
  2621 | D:4      | You fall through a shaft for 2 floors!
  2735 | D:6      | Noticed a phantom
  2795 | D:6      | Noticed a necrophage
  2816 | D:6      | Killed a necrophage
  2816 | D:6      | Reached XP level 5. HP: 28/28 MP: 3/16
  2986 | D:6      | Killed a phantom
  2986 | D:6      | Reached skill level 7 in Spellcasting
  2986 | D:6      | Reached XP level 6. HP: 5/33 MP: 12/18
  3050 | D:6      | Noticed an orc warrior
  3256 | D:5      | Entered Level 5 of the Dungeon
  3309 | D:5      | Reached skill level 1 in Short Blades
  3368 | D:5      | Noticed Ijyb
  3381 | D:5      | Killed Ijyb
  4128 | D:4      | Reached skill level 1 in Fighting
  4128 | D:4      | Reached XP level 7. HP: 31/38 MP: 0/20
  4510 | D:4      | Reached skill level 1 in Fire Magic
  4515 | D:4      | Learned a level 3 spell: Mephitic Cloud
  4669 | D:5      | Reached skill level 8 in Spellcasting
  4941 | D:5      | Found a shimmering altar of Xom.
  4977 | D:5      | Noticed Edmund
  5202 | D:5      | Reached * piety under Sif Muna
  6056 | D:6      | Reached skill level 9 in Spellcasting
  6175 | D:6      | Reached XP level 8. HP: 26/43 MP: 16/23
  6441 | D:7      | Noticed Prince Ribbit
  6441 | D:7      | Noticed a two-headed ogre
  6467 | D:7      | Killed a two-headed ogre
  6467 | D:7      | Reached skill level 10 in Spellcasting
  6467 | D:7      | Reached skill level 1 in Air Magic
  6467 | D:7      | Reached skill level 1 in Poison Magic
  6488 | D:7      | Noticed hitsuchi's ghost (novice FoAM)
  6508 | D:7      | Reached ** piety under Sif Muna
  6559 | D:7      | Found a flagged portal.
  6576 | Bailey   | Entered a bailey
  6969 | Bailey   | Found the +5 scythe "Finisher" {speed, eviscerate}
  7032 | Bailey   | Reached XP level 9. HP: 48/48 MP: 18/25
  7080 | Bailey   | Found a bloodstained altar of Trog.
  7273 | D:7      | Reached skill level 5 in Conjurations
  7330 | D:7      | Noticed Harold
  7332 | D:7      | Killed from afar by Harold

Skill      XL: |  1  2  3  4  5  6  7  8  9 |
---------------+----------------------------+-----
Spellcasting   | 5 6 7 9 10 | 10.6
Conjurations   | 2 3 4 5 |  5.2
Stealth        | 3 4 |  4.2
Summonings     | 2 3 |  3.9
Short Blades   | 2 3 |  3.8
Dodging        | 3 4 |  4.1
Fighting       | 1 2 |  2.0
Fire Magic     | 1 |  1.8
Air Magic      | 1 |  1.4
Poison Magic   | 1 |  1.5
Polearms       | |  0.1
Hexes          | |  0.3
Translocations | |  1.2

Action                   |  1- 3 |  4- 6 |  7- 9 || total
-------------------------+-------+-------+-------++-------
Melee: Dagger            |     9 |       |       ||     9
       Short sword       |     1 |       |       ||     1
       Rapier            |       |    63 |    66 ||   129
       Scythe            |       |       |    14 ||    14
 Cast: Magic Dart        |    93 |    97 |    99 ||   289
       Call Imp          |     9 |     7 |    10 ||    26
       Blink             |     1 |     2 |     1 ||     4
       Conjure Flame     |       |     4 |    11 ||    15
       Mephitic Cloud    |       |       |    17 ||    17
       Slow              |       |       |     3 ||     3
Invok: Divine Energy     |       |       |     1 ||     1
  Use: Scroll            |       |       |     6 ||     6
       Potion            |       |       |     3 ||     3
 Stab: Confused          |       |       |     3 ||     3
  Eat: Chunk             |     3 |     6 |     7 ||    16
       Ration            |       |       |     1 ||     1
Armor: Robe              |    11 |    18 |    42 ||    71
Dodge: Dodged            |    34 |    52 |    80 ||   166
